 Dungeon Crawl Stone Soup version 0.22-a0-433-gd2a9cce (webtiles) character file.

73094 DrEnzyme the Fighter (level 15, -9/130 HPs)
             Began as a Gnoll Wanderer on May 27, 2018.
             Was a High Priest of the Shining One.
             Mangled by a neqoxec (10 damage)
             ... summoned by an orc sorcerer
             ... while paralysed by an orc sorcerer
             ... on level 2 of the Orcish Mines.
             The game lasted 01:45:29 (25904 turns).

DrEnzyme the Fighter (Gnoll Wanderer)              Turns: 25904, Time: 01:45:30

Health: -9/130     AC: 18    Str: 21    XL:     15   Next: 42%
Magic:  19/28      EV:  2    Int: 18    God:    the Shining One [*****.]
Gold:   859        SH:  0    Dex: 28    Spells: 9/33 levels left

rFire    + + .     SeeInvis .   z - +7 whip (elec)
rCold    . . .     Gourm    .   A - +5 shield
rNeg     + + .     Faith    .   o - +1 leather armour of the Vaults {rElec rPois Str+4 Dex+3}
rPois    +         Spirit   .   l - +2 helmet
rElec    +         Reflect  .   v - +2 cloak {rF+}
rCorr    .         Harm     .   Q - +2 pair of gloves {Dex+3}
MR       +....                  L - +0 pair of boots
Stlth    ++........             d - amulet of regeneration
HPRegen  0.71/turn              h - ring of Pophiykeo {Str+3 Dex+4}
MPRegen  0.21/turn              q - ring of protection from fire

@: paralysed, lethally poisoned (-9 -> -10), glowing, drained
A: distributed training, fangs 1, large bone plates 1, rugged brown scales 1,
poison resistance, strong nose
a: Divine Shield, Cleansing Flame, Summon Divine Warrior, Renounce Religion


You were on level 2 of the Orcish Mines.
You worshipped the Shining One.
The Shining One was extremely pleased with you.
You were hungry.

You visited 3 branches of the dungeon, and saw 20 of its levels.
You also visited: Bailey and Volcano.

You collected 2212 gold pieces.
You spent 1353 gold pieces at shops.

Inventory:

Hand Weapons
 z - a +7 whip of electrocution (weapon)
 B - the +1 falchion of Beuca {slice, +Blink Str+2 Int-5 Dex+7}
   (You found it on level 1 of the Lair of Beasts)

   It inflicts extra damage upon your enemies.
   It affects your strength (+2).
   It affects your intelligence (-5).
   It affects your dexterity (+7).
   It lets you blink.
 C - a +2 battleaxe of flaming
 D - a +0 battleaxe of flaming
Missiles
 G - 12 sling bullets
 T - 6 javelins of penetration (quivered)
Armour
 k - a +2 plate armour of fire resistance
 l - a +2 helmet (worn)
 o - the +1 leather armour of the Vaults (worn) {rElec rPois Str+4 Dex+3}
   (You found it on level 10 of the Dungeon)

   It affects your strength (+4).
   It affects your dexterity (+3).
   It insulates you from electricity.
   It protects you from poison.
 v - a +2 cloak of fire resistance (worn)
 A - a +5 shield (worn)
 L - a +0 pair of boots (worn)
 Q - a +2 pair of gloves of dexterity (worn)
Jewellery
 d - an amulet of regeneration (around neck)
 h - the ring of Pophiykeo (left hand) {Str+3 Dex+4}
   (You bought it in a shop on level 4 of the Dungeon)

   [ring of strength]

   It affects your strength (+3).
   It affects your dexterity (+4).
 m - an uncursed ring of magical power
 q - a ring of protection from fire (right hand)
 r - an uncursed amulet of guardian spirit
 y - an uncursed ring of protection from magic
 N - an uncursed ring of see invisible
Wands
 a - a wand of paralysis (8)
 u - a wand of polymorph (45)
 x - a wand of digging (7)
 S - a wand of enslavement (9)
Scrolls
 i - a scroll of identify
 n - 4 scrolls of remove curse
 s - 2 scrolls of immolation
 w - a scroll of amnesia
 F - a scroll of blinking
 K - a scroll of enchant armour
 M - 3 scrolls of summoning
 P - 2 scrolls of magic mapping
 R - a scroll of brand weapon {unknown}
 U - 3 scrolls of teleportation
 V - a scroll of holy word {unknown}
 Y - a scroll of silence
Potions
 b - 2 potions of magic
 c - 7 potions of curing
 e - 3 potions of brilliance
 g - 3 potions of cancellation
 j - a potion of berserk rage
 p - a potion of haste
 t - a potion of agility
 E - 3 potions of heal wounds
 H - 4 potions of resistance
 J - a potion of ambrosia
Comestibles
 f - 32 rations
 I - 19 chunks of flesh


   Skills:
 + Level 14.9(14.8) Fighting
 + Level 9.9(9.8) Short Blades
 + Level 9.9(9.8) Long Blades
 + Level 10.8 Axes
 + Level 9.9(9.8) Maces & Flails
 + Level 9.9(9.8) Polearms
 + Level 9.9(9.8) Staves
 + Level 9.9(9.8) Slings
 + Level 9.9(9.8) Bows
 + Level 9.9(9.8) Crossbows
 + Level 9.9(9.8) Throwing
 + Level 9.9(9.8) Armour
 + Level 9.9(9.8) Dodging
 + Level 9.9(9.8) Stealth
 + Level 10.8 Shields
 + Level 9.9(9.8) Unarmed Combat
 + Level 9.9(9.8) Spellcasting
 + Level 8.3(8.2) Conjurations
 + Level 8.3(8.2) Hexes
 + Level 8.3(8.2) Charms
 + Level 8.3(8.2) Summonings
 + Level 8.3(8.2) Necromancy
 + Level 8.3(8.2) Translocations
 + Level 8.3(8.2) Transmutations
 + Level 8.3(8.2) Fire Magic
 + Level 8.3(8.2) Ice Magic
 + Level 8.3(8.2) Air Magic
 + Level 8.3(8.2) Earth Magic
 + Level 8.3(8.2) Poison Magic
 + Level 10.7(10.6) Invocations
 + Level 9.9(9.8) Evocations


You had 9 spell levels left.
You knew the following spells:

 Your Spells              Type           Power        Failure   Level  Hunger
a - Conjure Flame         Conj/Fire      #####...     1%          3    None
b - Mephitic Cloud        Conj/Pois/Air  #####...     1%          3    None
c - Ignite Poison         Fire/Tmut/Pois #####...     1%          3    None
d - Blink                 Tloc           N/A          1%          2    None
e - Olgreb's Toxic Radia  Pois           #####...     5%          4    ###....
f - Fireball              Conj/Fire      #####.....   14%         5    #####..
g - Poisonous Vapours     Pois/Air       #####.       1%          2    None
h - Slow                  Hex            #####...     1%          2    None

Your spell library contained the following spells:

 Spells                   Type           Power        Failure   Level  Hunger
 Magic Dart               Conj           ####         1%          1    None
 Bolt of Fire             Conj/Fire      #####.....   63%         6    ######.
 Ring of Flames           Chrm/Fire      #####.....   99%         7    #######
 Venom Bolt               Conj/Pois      #####.....   14%         5    #####..
 Call Imp                 Summ           #####...     1%          2    None
 Sting                    Conj/Pois      ####         1%          1    None
 Tukima's Dance           Hex            #####...     1%          3    None
 Confusing Touch          Hex            #####.       1%          1    None
 Metabolic Englaciation   Hex/Ice        #####.....   14%         5    #####..
 Corona                   Hex            #####..      1%          1    None
 Darkness                 Hex            #####.....   63%         6    ######.
 Inner Flame              Hex/Fire       #####...     1%          3    None
 Ignition                 Fire           #####.....   100%        8    #######


Dungeon Overview and Level Annotations

Branches:
Dungeon (12/15)            Temple (0/1) D:6            Lair (6/6) D:11
 Shoals (0/4) Lair:3        Snake (0/4) Lair:3        Slime (0/5) Lair:6
    Orc (2/2) D:9             Elf (0/3) Orc:2

Altars:
Ashenzari
Cheibriados
Elyvilon
Fedhas
Gozag
Makhleb
Qazlal
Sif Muna
Uskayaw
Wu Jian
Xom
Yredelemnul
The Shining One

Shops:
D:4 *[=   D:7 =   D:9 %   Orc:2 !?!

Annotations:
D:1 exclusion: downstairs
D:8 exclusion: downstairs
Lair:4 exclusion: 3 oklob plants
Lair:5 exclusion: 2 dream sheep


Innate Abilities, Weirdness & Mutations

Your experience applies equally to all skills.
You have very sharp teeth.
Your uncanny sense of smell can sniff out nearby items.
You are partially covered in large bone plates. (SH +4)
You are partially covered in rugged brown scales. (AC +1, +3% HP)
Your system is resistant to poisons. (rPois)


Message History

* * * LOW HITPOINT WARNING * * *
You are engulfed in flames.
You resist.
* * * LOW HITPOINT WARNING * * *
The smoke demon gestures at you. Beogh smites you!
* * * LOW HITPOINT WARNING * * *
The orc knight roars a battlecry!
The orcs go into a battle-frenzy!
The red devil hits you but does no damage.
The orc high priest hits you from afar with a glaive of venom.
The Shining One protects you from harm!
You are lethally poisoned!
The orc sorcerer hits you but does no damage.
* * * LOW HITPOINT WARNING * * *
You feel sick.
The orc high priest looks more healthy.
You kill the orc sorcerer!
The red devil disappears in a puff of smoke!
The sun demon disappears in a puff of smoke!
The neqoxec hits you!
You die...

.......########
#..###.###..# #..
.......#
#####...###..###.
###...##
##.#.#.###..###
#..###
##...#)..###..##
##.#
##...###.).###..#
### ##.))##
##...###.. #
##...## ##.).....
# #...## ##.).#..
# #.#@## ##.)).#
#..3§)oo# ##....
#...§5#3## ##..#
##...o3o3# ##....
##.#.# 64# ##...)#
##...##55#
##...#.)
#...##...##..)))..
##...##.##..)###).
...###...###.)#


You could see an orc knight, 2 orc high priests, an infernal demonspawn, a smoke
demon, 3 neqoxecs, an orc sorcerer, a red devil, an iron imp, a quasit and a
white imp.

Vanquished Creatures
  Rupert (Lair:4)
  Gastronok (Lair:1)
  5 dire elephants (Lair:6)
  An ettin (Orc:2)
  Josephine (D:11)
  3 hydras
  Harold (Orc:1)
  Erica (Orc:1)
  An anaconda (Lair:6)
  3 two-headed ogres
  The ghost of mordain the Basher, a novice DsAK of Lugonu (Lair:1)
  2 orc high priests (Orc:2)
  A soul eater (Orc:2)
  Urug (D:10)
  Nergalle (D:11)
  A sixfirhy (Orc:2)
  The ghost of spracte the Destroyer, a novice TeCj of Vehumet (D:6)
  Pikel (D:4)
  An anaconda skeleton (Volcano)
  7 orc knights
  2 ugly things (D:11)
  2 cyclopes (D:11)
  3 orc sorcerers (Orc:2)
  15 elephants
  A rust devil (Orc:2)
  8 black mambas
  Joseph (Lair:1)
  A smoke demon (Orc:2)
  12 spiny frogs
  2 rime drakes
  6 komodo dragons
  An ice devil (Orc:2)
  3 trolls
  A polar bear (Lair:5)
  27 blink frogs
  7 hippogriffs
  3 flying skulls (Volcano)
  A vampire (D:10)
  An alligator skeleton (Volcano)
  33 yaks
  A shadow (D:12)
  4 wraiths
  4 hogs (D:7)
  A human (D:7)
  5 wyverns
  5 basilisks
  A chaos spawn (Orc:2)
  2 hungry ghosts
  A warg (Orc:2)
  Grum (Lair:1)
  Edmund (D:6)
  A soldier ant (D:11)
  An acid dragon (D:11)
  2 hell hounds (Orc:1)
  4 porcupines
  24 water moccasins
  A swamp drake (D:11)
  36 orc warriors
  3 phantoms (D:10)
  6 ice beasts
  2 black bears
  2 sky beasts
  10 ogres
  15 wolves
  16 crocodiles
  8 centaurs
  2 big kobolds
  16 bullfrogs
  2 wyvern skeletons
  2 scorpions
  4 killer bees (D:7)
  3 wights (D:8)
  6 howler monkeys
  8 electric eels
  2 bullfrog zombies
  A centaur zombie (D:5)
  6 crimson imps
  A lava snake (D:8)
  2 quasits (D:8)
  4 jellies
  22 orc priests
  2 bullfrog skeletons
  7 hounds
  9 orc wizards
  Ijyb (D:5)
  Terence (D:3)
  An iguana (D:5)
  5 worker ants
  A naga skeleton (Volcano)
  2 hound zombies
  A hound skeleton (D:8)
  A howler monkey zombie (D:6)
  A worker ant zombie (D:5)
  Robin (D:3)
  7 gnolls
  A howler monkey skeleton (D:6)
  18 adders
  2 shadow imps
  3 oozes (D:1)
  An adder zombie (D:9)
  4 worms
  2 dart slugs
  7 leopard geckos (D:3)
  86 orcs
  8 giant cockroaches
  24 goblins
  7 hobgoblins
  16 jackals
  16 kobolds
  5 quokkas
  3 ball pythons
  3 bats
  5 frilled lizards
  A jackal skeleton (D:4)
  A leopard gecko skeleton (D:6)
  A quokka skeleton (D:5)
  5 rats
  A spectral orc (D:3)
  A fungus (Lair:4)
  6 plants
670 creatures vanquished.

Vanquished Creatures (collateral kills)
  2 gargoyles (Volcano)
  A crocodile (Lair:5)
3 creatures vanquished.

Vanquished Creatures (others)
  A scorpion (D:4)
  An orc priest (Orc:2)
  An adder skeleton (D:4)
  A worm (D:4)
  An orc (Orc:1)
  3 fungi
  6 plants
14 creatures vanquished.

Grand Total: 687 creatures vanquished

Notes
Turn   | Place    | Note
-------+----------+-------------------------------------------
     0 | D:1      | Reached skill level 12 in Fighting
     0 | D:1      | DrEnzyme the Gnoll Wanderer began the quest for the Orb.
     0 | D:1      | DrEnzyme set off with: a +2 hand axe, a potion of lignification, a potion of curing, a +0 robe, a ration
     0 | D:1      | Reached XP level 1. HP: 31/31 MP: 1/1
   167 | D:1      | Reached XP level 2. HP: 30/38 MP: 2/2
   462 | D:1      | Reached XP level 3. HP: 38/44 MP: 3/3
   757 | D:2      | Reached skill level 1 in Invocations
   991 | D:2      | Reached skill level 1 in Short Blades
   991 | D:2      | Reached skill level 1 in Long Blades
   991 | D:2      | Reached skill level 1 in Maces & Flails
   991 | D:2      | Reached skill level 1 in Polearms
   991 | D:2      | Reached skill level 1 in Staves
   991 | D:2      | Reached skill level 1 in Slings
   991 | D:2      | Reached skill level 1 in Bows
   991 | D:2      | Reached skill level 1 in Crossbows
   991 | D:2      | Reached skill level 1 in Throwing
   991 | D:2      | Reached skill level 1 in Armour
   991 | D:2      | Reached skill level 1 in Dodging
   991 | D:2      | Reached skill level 1 in Stealth
   991 | D:2      | Reached skill level 1 in Unarmed Combat
   991 | D:2      | Reached skill level 1 in Spellcasting
   991 | D:2      | Reached skill level 1 in Evocations
  1000 | D:2      | Reached XP level 4. HP: 50/51 MP: 5/5
  1074 | D:2      | Found an opulent altar of Gozag.
  1096 | D:2      | Found a shattered altar of Ashenzari.
  1210 | D:2      | Noticed an ice beast
  1404 | D:3      | Found a hide-covered altar of Uskayaw.
  1409 | D:3      | Noticed a hand axe
  1411 | D:3      | Noticed an enchanted dagger
  1452 | D:3      | Found a blossoming altar of Fedhas.
  1453 | D:3      | Noticed Robin
  1491 | D:3      | Killed Robin
  1491 | D:3      | Reached skill level 1 in Conjurations
  1491 | D:3      | Reached skill level 1 in Hexes
  1491 | D:3      | Reached skill level 1 in Charms
  1491 | D:3      | Reached skill level 1 in Summonings
  1491 | D:3      | Reached skill level 1 in Necromancy
  1491 | D:3      | Reached skill level 1 in Translocations
  1491 | D:3      | Reached skill level 1 in Transmutations
  1491 | D:3      | Reached skill level 1 in Fire Magic
  1491 | D:3      | Reached skill level 1 in Ice Magic
  1491 | D:3      | Reached skill level 1 in Air Magic
  1491 | D:3      | Reached skill level 1 in Earth Magic
  1491 | D:3      | Reached skill level 1 in Poison Magic
  1649 | D:3      | Reached XP level 5. HP: 34/57 MP: 4/6
  1688 | D:3      | Noticed Terence
  1936 | D:2      | Found a burning altar of Makhleb.
  1968 | D:2      | Killed an ice beast
  1968 | D:2      | Reached XP level 6. HP: 64/64 MP: 8/8
  2265 | D:2      | Reached skill level 5 in Axes
  2265 | D:2      | Reached skill level 5 in Shields
  2505 | D:3      | Killed Terence
  2626 | D:3      | Found a basalt altar of Yredelemnul.
  2687 | D:3      | Found a stormy altar of Qazlal.
  2694 | D:3      | Found a snail-covered altar of Cheibriados.
  2895 | D:4      | Noticed a slave
  2895 | D:4      | Noticed a slave
  2895 | D:4      | Noticed a slave
  2897 | D:4      | Noticed Pikel
  2898 | D:4      | Noticed a slave
  2926 | D:4      | Killed Pikel
  2926 | D:4      | Reached XP level 7. HP: 49/70 MP: 11/11
  2926 | D:4      | Reached XP level 8. HP: 54/76 MP: 11/12
  3437 | D:4      | Found Qopou's Armour Shop.
  3475 | D:4      | Bought a +1 helmet for 115 gold pieces
  3499 | D:4      | Found Ynuc Soq's Jewellery Boutique.
  3643 | D:4      | Found a glowing golden altar of the Shining One.
  3840 | D:4      | Found Viadass's Assorted Antiques.
  3918 | D:4      | Became a worshipper of the Shining One
  3952 | D:5      | Entered Level 5 of the Dungeon
  4043 | D:5      | Noticed Ijyb
  4048 | D:5      | Killed Ijyb
  4641 | D:6      | Noticed spracte's ghost (novice TeCj)
  4691 | D:5      | Reached XP level 9. HP: 33/83 MP: 8/14
  5020 | D:6      | Killed spracte's ghost
  5380 | D:6      | Noticed Edmund
  5380 | D:6      | Reached * piety under the Shining One
  5394 | D:6      | Killed Edmund
  5446 | D:6      | Found a staircase to the Ecumenical Temple.
  6446 | D:7      | Reached skill level 5 in Invocations
  6792 | D:7      | Found an ornate altar of the Wu Jian Council.
  6793 | D:7      | Found a white marble altar of Elyvilon.
  6823 | D:7      | Got a warped trident
  6829 | D:7      | Identified the cursed +1 trident "Duroaps" {chaos, rC+ Int+4} (You found it on level 7 of the Dungeon)
  6940 | D:7      | Reached XP level 10. HP: 80/91 MP: 17/17
  7191 | D:7      | Reached skill level 5 in Short Blades
  7191 | D:7      | Reached skill level 5 in Long Blades
  7191 | D:7      | Reached skill level 5 in Maces & Flails
  7191 | D:7      | Reached skill level 5 in Polearms
  7191 | D:7      | Reached skill level 5 in Staves
  7191 | D:7      | Reached skill level 5 in Slings
  7191 | D:7      | Reached skill level 5 in Bows
  7191 | D:7      | Reached skill level 5 in Crossbows
  7191 | D:7      | Reached skill level 5 in Throwing
  7191 | D:7      | Reached skill level 5 in Armour
  7191 | D:7      | Reached skill level 5 in Dodging
  7191 | D:7      | Reached skill level 5 in Stealth
  7191 | D:7      | Reached skill level 5 in Unarmed Combat
  7191 | D:7      | Reached skill level 5 in Spellcasting
  7191 | D:7      | Reached skill level 5 in Evocations
  7376 | D:7      | Got a fine leather armour
  7605 | D:7      | Reached ** piety under the Shining One
  7618 | D:7      | Paralysed by fainting for 8 turns
  7747 | D:7      | Found Dehawania's Jewellery Shoppe.
  8062 | D:8      | Reached skill level 13 in Fighting
  8412 | D:8      | Found a deep blue altar of Sif Muna.
  8724 | D:9      | Reached *** piety under the Shining One
  9291 | D:8      | Reached XP level 11. HP: 89/98 MP: 16/19
  9451 | D:9      | Found Ishrott's Food Shoppe.
  9457 | D:9      | Got a dull robe
  9520 | D:9      | Identified the +3 leather armour of Gluttony {+Blink} (You found it on level 7 of the Dungeon)
  9637 | D:4      | Bought a jewelled chain mail for 256 gold pieces
  9638 | D:4      | Identified the +3 chain mail of Boredom {rN+} (You bought it in a shop on level 4 of the Dungeon)
  9663 | D:4      | Learned a level 3 spell: Conjure Flame
 10013 | D:9      | Identified the cursed +0 robe "Kuzau" {MR++ Str+3 Dex-3} (You found it on level 9 of the Dungeon)
 10128 | D:9      | Noticed a two-headed ogre
 10144 | D:9      | Killed a two-headed ogre
 10152 | D:9      | Reached skill level 5 in Conjurations
 10152 | D:9      | Reached skill level 5 in Hexes
 10152 | D:9      | Reached skill level 5 in Charms
 10152 | D:9      | Reached skill level 5 in Summonings
 10152 | D:9      | Reached skill level 5 in Necromancy
 10152 | D:9      | Reached skill level 5 in Translocations
 10152 | D:9      | Reached skill level 5 in Transmutations
 10152 | D:9      | Reached skill level 5 in Fire Magic
 10152 | D:9      | Reached skill level 5 in Ice Magic
 10152 | D:9      | Reached skill level 5 in Air Magic
 10152 | D:9      | Reached skill level 5 in Earth Magic
 10152 | D:9      | Reached skill level 5 in Poison Magic
 10198 | D:9      | Learned a level 3 spell: Conjure Flame
 10239 | D:9      | Found a staircase to the Orcish Mines.
 10364 | D:10     | Entered Level 10 of the Dungeon
 10613 | D:10     | Noticed Urug
 10648 | D:10     | Killed Urug
 10994 | D:10     | Got a steaming leather armour
 11319 | D:10     | Reached **** piety under the Shining One
 11506 | D:10     | Noticed a cyclops
 11861 | D:11     | Noticed a cyclops
 11886 | D:11     | Killed a cyclops
 11977 | D:11     | Identified the +1 leather armour of the Vaults {rElec rPois Str+4 Dex+3} (You found it on level 10 of the Dungeon)
 12009 | D:11     | Learned a level 3 spell: Mephitic Cloud
 12013 | D:11     | Learned a level 3 spell: Ignite Poison
 12016 | D:11     | Learned a level 2 spell: Blink
 12037 | D:11     | Noticed a cyclops
 12442 | D:11     | Found a shimmering altar of Xom.
 12443 | D:11     | Noticed Nergalle
 12468 | D:11     | Killed Nergalle
 12468 | D:11     | Reached XP level 12. HP: 70/105 MP: 16/22
 12885 | D:11     | Found a staircase to the Lair.
 13076 | D:11     | Learned a level 4 spell: Olgreb's Toxic Radiance
 13082 | D:11     | Learned a level 5 spell: Fireball
 13090 | D:11     | Noticed a two-headed ogre
 13090 | D:11     | Noticed a tengu warrior
 13253 | D:10     | HP: 3/105 [vampire (10)]
 13628 | D:11     | Noticed Josephine
 13762 | D:11     | Killed Josephine
 14080 | D:12     | Noticed a two-headed ogre
 14095 | D:12     | Killed a two-headed ogre
 14349 | D:12     | Found a flagged portal.
 14360 | Bailey   | Entered a bailey
 15165 | Bailey   | Identified a scroll of acquirement
 15544 | Lair:1   | Entered Level 1 of the Lair of Beasts
 15544 | Lair:1   | Noticed Gastronok
 15552 | Lair:1   | Noticed a four-headed hydra
 15573 | Lair:1   | Killed Gastronok
 15573 | Lair:1   | Reached XP level 13. HP: 90/112 MP: 13/24
 15580 | Lair:1   | Noticed mordain's ghost (novice DsAK)
 15767 | Lair:1   | Killed mordain's ghost
 15938 | Lair:1   | Noticed Grum
 15962 | Lair:1   | Reached skill level 14 in Fighting
 15964 | Lair:1   | Killed Grum
 16268 | Lair:1   | Got a shimmering falchion
 16477 | Lair:1   | Noticed Joseph
 16486 | Lair:1   | Killed Joseph
 17109 | Lair:2   | Found a shimmering altar of Xom.
 17579 | Lair:3   | Found a staircase to the Snake Pit.
 17823 | Lair:2   | Learned a level 2 spell: Poisonous Vapours
 17875 | Lair:3   | Found a staircase to the Shoals.
 18164 | Lair:3   | Reached ***** piety under the Shining One
 18246 | Lair:3   | Identified the +1 falchion of Beuca {slice, +Blink Str+2 Int-5 Dex+7} (You found it on level 1 of the Lair of Beasts)
 18310 | Lair:3   | Reached XP level 14. HP: 120/120 MP: 26/26
 18951 | Lair:4   | Noticed Rupert
 18978 | Lair:4   | Paralysed by Rupert for 2 turns
 18996 | Lair:4   | Killed Rupert
 19277 | Lair:4   | Reached skill level 10 in Axes
 19277 | Lair:4   | Reached skill level 10 in Shields
 20323 | Lair:6   | Entered Level 6 of the Lair of Beasts
 20822 | Lair:6   | Gained mutation: You are partially covered in large bone plates. (SH +4) [potion of mutation]
 20822 | Lair:6   | Gained mutation: You are partially covered in rugged brown scales. (AC +1, +3% HP) [potion of mutation]
 20822 | Lair:6   | Gained mutation: Your system is resistant to poisons. (rPois) [potion of mutation]
 20904 | Lair:6   | Found a staircase to the Slime Pits.
 21046 | Lair:6   | Reached skill level 10 in Invocations
 22230 | Lair:6   | Noticed a dire elephant
 22230 | Lair:6   | Noticed a dire elephant
 22248 | Lair:6   | Killed a dire elephant
 22262 | Lair:6   | Killed a dire elephant
 22277 | Lair:6   | Identified the Compendium of Glamour
 22369 | Lair:6   | Noticed a dire elephant
 22383 | Lair:6   | Killed a dire elephant
 22400 | Lair:6   | Noticed a dire elephant
 22410 | Lair:6   | Killed a dire elephant
 22578 | Lair:6   | Noticed a dire elephant
 22592 | Lair:6   | Killed a dire elephant
 22931 | D:11     | Learned a level 2 spell: Slow
 23697 | D:4      | Bought an uncursed amulet of regeneration for 420 gold pieces
 23697 | D:4      | Bought the ring of Pophiykeo {Str+3 Dex+4} for 435 gold pieces
 23852 | Orc:1    | Entered Level 1 of the Orcish Mines
 23868 | Orc:1    | Noticed Erica
 23911 | Orc:1    | Found a dark tunnel.
 23918 | Volcano  | Entered a volcano
 23962 | Volcano  | Reached XP level 15. HP: 130/130 MP: 28/28
 24235 | Orc:1    | Noticed Harold
 24258 | Orc:1    | Killed Harold
 24280 | Orc:1    | Killed Erica
 24505 | Orc:2    | Entered Level 2 of the Orcish Mines
 24948 | Orc:2    | Found Niygugakh's Distillery.
 25043 | Orc:2    | Found a staircase to the Elven Halls.
 25340 | Orc:2    | Found Gogug's Distillery.
 25518 | Orc:2    | Found Zuroleso's Magic Scroll Emporium.
 25684 | Orc:2    | Bought a scroll of enchant armour for 127 gold pieces
 25900 | Orc:2    | Paralysed by an orc sorcerer for 5 turns
 25903 | Orc:2    | HP: 1/130 [smoke demon/divine providence[an orc high priest] (15)]
 25903 | Orc:2    | The Shining One protects you from harm!
 25904 | Orc:2    | Mangled by a neqoxec

Vault maps used:
D:1:      dpeg_arrival_stone_temple_mockup, serial_bayou_lagoon_a
D:2:      makhleb_heckhound_becter, nicolae_overflow_crystal_walls,
          lemuel_doored_altar
D:3:      kennysheep_slug_shrine, dancing_weapons_uskayaw,
          yredelemnul_forgotten_temple_becter, grunt_qazlal_sundering,
          fedhas_altar_1, gup_sewer_entry_pipe,
          hangedman_abyss_or_decor_lesser_grid, kennysheep_boxes, uniq_robin,
          uniq_terence
D:4:      tso_altar, first_ration, serial_shops, nicolae_shop_trees,
          nicolae_shop_stone, shop, roderic_st_hans_cross,
          minmay_misc_feat_columns, uniq_pikel
D:5:      uniq_ijyb
D:6:      minmay_temple_entry_statues_fountains, uniq_edmund
D:7:      gammafunk_temple_overflow_pools, serial_shops, kennysheep_mini,
          grunt_livestock
D:8:      led_sif_pool, fountainhead, kennysheep_big_empty_room, glass_columns_c
D:9:      david_orc_4, serial_shops, shop
D:10:     uniq_urug
D:11:     erik_lair_dragon, basic_altar, chequers_big_river, minivault_12,
          uniq_josephine, uniq_nergalle
D:12:     enter_bailey_3, serial_bayou_crossing
Lair:1:   uniq_grum, uniq_joseph, uniq_gastronok
Lair:2:   basic_altar
Lair:3:   elwin_shoals_entry_rocks, minmay_snake_entry_six_corridors
Lair:4:   serial_bayou_shore_a, minmay_lair_oklob_chamber, uniq_rupert
Lair:5:   infiniplex_staircase_pool
Lair:6:   due_jungle_book, slime_dummy, fungi_pond_lemuel, grunt_megastairs_2
Orc:1:    enter_volcano_3, uniq_harold, uniq_erica
Orc:2:    pf_orc_diabolical, serial_shops, nicolae_shop_stone
Bailey:   bailey_polearm_5, bailey
Volcano:  volcano_tomb

Skill      XL: |  1  2  3  4  5  6  7  8  9 10 11 12 13 14 |
---------------+-------------------------------------------+-----
Fighting       | 13 14 | 14.9
Invocations    | 1 2 3 4 5 6 7 8 9 10 | 10.7
Short Blades   | 1 2 3 4 5 6 7 8 9 |  9.9
Long Blades    | 1 2 3 4 5 6 7 8 9 |  9.9
Maces & Flails | 1 2 3 4 5 6 7 8 9 |  9.9
Polearms       | 1 2 3 4 5 6 7 8 9 |  9.9
Staves         | 1 2 3 4 5 6 7 8 9 |  9.9
Slings         | 1 2 3 4 5 6 7 8 9 |  9.9
Bows           | 1 2 3 4 5 6 7 8 9 |  9.9
Crossbows      | 1 2 3 4 5 6 7 8 9 |  9.9
Throwing       | 1 2 3 4 5 6 7 8 9 |  9.9
Armour         | 1 2 3 4 5 6 7 8 9 |  9.9
Dodging        | 1 2 3 4 5 6 7 8 9 |  9.9
Stealth        | 1 2 3 4 5 6 7 8 9 |  9.9
Unarmed Combat | 1 2 3 4 5 6 7 8 9 |  9.9
Spellcasting   | 1 2 3 4 5 6 7 8 9 |  9.9
Evocations     | 1 2 3 4 5 6 7 8 9 |  9.9
Conjurations   | 1 2 3 4 5 6 7 8 |  8.3
Hexes          | 1 2 3 4 5 6 7 8 |  8.3
Charms         | 1 2 3 4 5 6 7 8 |  8.3
Summonings     | 1 2 3 4 5 6 7 8 |  8.3
Necromancy     | 1 2 3 4 5 6 7 8 |  8.3
Translocations | 1 2 3 4 5 6 7 8 |  8.3
Transmutations | 1 2 3 4 5 6 7 8 |  8.3
Fire Magic     | 1 2 3 4 5 6 7 8 |  8.3
Ice Magic      | 1 2 3 4 5 6 7 8 |  8.3
Air Magic      | 1 2 3 4 5 6 7 8 |  8.3
Earth Magic    | 1 2 3 4 5 6 7 8 |  8.3
Poison Magic   | 1 2 3 4 5 6 7 8 |  8.3
Axes           | 5 6 7 8 9 10 | 10.8
Shields        | 5 6 7 8 9 10 | 10.8

Action                   |  1- 3 |  4- 6 |  7- 9 | 10-12 | 13-15 || total
-------------------------+-------+-------+-------+-------+-------++-------
Melee: Hand axe          |    60 |   236 |       |       |       ||   296
       Bite              |     8 |    18 |    31 |   114 |   194 ||   365
       Punch             |       |     3 |     8 |    22 |       ||    33
       Whip              |       |       |   316 |   789 |  1026 ||  2131
       Falchion          |       |       |       |    50 |       ||    50
 Cast: Mephitic Cloud    |       |       |       |     5 |    22 ||    27
       Ignite Poison     |       |       |       |     2 |    19 ||    21
       Olgreb's Toxic Ra |       |       |       |     8 |    35 ||    43
       Conjure Flame     |       |       |       |     1 |     4 ||     5
       Poisonous Vapours |       |       |       |       |    26 ||    26
       Fireball          |       |       |       |       |     2 ||     2
Invok: Divine Shield     |       |       |       |     5 |     6 ||    11
       Cleansing Flame   |       |       |       |     2 |       ||     2
       Summon Divine War |       |       |       |       |     1 ||     1
Evoke: Wand              |       |       |     2 |     9 |     9 ||    20
  Use: Scroll            |       |     7 |     6 |    23 |    14 ||    50
       Potion            |       |     4 |     1 |    13 |     5 ||    23
 Stab: Sleeping          |     1 |       |       |       |       ||     1
  Eat: Chunk             |       |     7 |    13 |    11 |    25 ||    56
       Ration            |       |       |       |     6 |     4 ||    10
Armor: Robe              |     6 |     1 |       |       |       ||     7
       Chain mail        |       |   160 |       |   175 |       ||   335
       Skin              |       |    30 |       |       |       ||    30
       Scale mail        |       |     6 |   177 |   161 |       ||   344
       Leather armour    |       |       |       |    45 |   137 ||   182
Dodge: Dodged            |    29 |    98 |   154 |   518 |   410 ||  1209
Block: Shield            |       |       |       |    44 |   870 ||   914
       Other             |       |       |       |    20 |       ||    20
       Rpst.: Falchion   |       |       |       |     5 |       ||     5

Table legend:
 A = Spawn XP
 B = Non-spawn XP
 C = Spawn XP percentage of total XP
 D = Spawn monster count
 E = Non-spawn monster count
 F = Spawn count percentage of total count
 G = Total turns spent on level
                    A         B        C        D         E        F      G
               +---------+---------+-------+---------+---------+-------+---------
         Total |       0 |  104420 |   0.0 |       0 |     668 |   0.0 | 25904
               +---------+---------+-------+---------+---------+-------+---------
           D:1 |       0 |      40 |   0.0 |       0 |      15 |   0.0 |   671
           D:2 |       0 |     312 |   0.0 |       0 |      30 |   0.0 |  1362
           D:3 |       0 |     183 |   0.0 |       0 |      36 |   0.0 |   811
           D:4 |       0 |    1035 |   0.0 |       0 |      18 |   0.0 |  1252
           D:5 |       0 |     712 |   0.0 |       0 |      22 |   0.0 |  1190
           D:6 |       0 |    1704 |   0.0 |       0 |      34 |   0.0 |  1828
           D:7 |       0 |    2696 |   0.0 |       0 |      27 |   0.0 |  1250
           D:8 |       0 |    3388 |   0.0 |       0 |      45 |   0.0 |  1723
           D:9 |       0 |    2730 |   0.0 |       0 |      32 |   0.0 |  1266
          D:10 |       0 |    3559 |   0.0 |       0 |      31 |   0.0 |  1349
          D:11 |       0 |    7598 |   0.0 |       0 |      38 |   0.0 |  2761
          D:12 |       0 |    2615 |   0.0 |       0 |      17 |   0.0 |   333
        Lair:1 |       0 |   10984 |   0.0 |       0 |      33 |   0.0 |   854
        Lair:2 |       0 |    4356 |   0.0 |       0 |      19 |   0.0 |   913
        Lair:3 |       0 |    9174 |   0.0 |       0 |      43 |   0.0 |  1149
        Lair:4 |       0 |    6688 |   0.0 |       0 |      17 |   0.0 |  1362
        Lair:5 |       0 |    5711 |   0.0 |       0 |      20 |   0.0 |  1009
        Lair:6 |       0 |   18489 |   0.0 |       0 |      52 |   0.0 |  1913
         Orc:1 |       0 |    2711 |   0.0 |       0 |      12 |   0.0 |   367
         Orc:2 |       0 |   14225 |   0.0 |       0 |      79 |   0.0 |  1399
        Bailey |       0 |    3580 |   0.0 |       0 |      40 |   0.0 |   856
       Volcano |       0 |    1930 |   0.0 |       0 |       8 |   0.0 |   286
               +---------+---------+-------+---------+---------+-------+---------
